Map: Acolyte LE

Players

Metasapien - Winner!

  • Race: Zerg Zerg
  • League: Gold
  • Spawn Location: 7:00

A.I. 1 (Elite)

  • Race: Protoss Protoss
  • Spawn Location: 1:00

VOD

Have the link to the VOD?

Description

Time

  • Played on: Sept. 16, 2017, 6:38 p.m.
  • Length: 13:34
Show
View Real Time Build Order
Export as new Build Order

Metasapien Zerg - Winner!

Build Orders: Hatch First 

Get SALT Encoding   

  12  0:05  Drone  
  13  0:12  Drone  
  14  0:17  Extractor  
  14  0:19  Drone, Extractor  
  13  0:22  Drone  
  16  0:28  Overlord  
  16  0:54  Drone  
  16  0:55  Hatchery  
  16  0:57  Drone  
  16  1:03  Drone  
  18  1:16  Spawning Pool  
  18  1:17  Drone  
  18  1:20  Extractor  
  18  1:22  Drone  
  18  1:35  Drone  
  19  1:45  Overlord  
  19  1:53  Drone  
  20  2:03  Queen  
  20  2:06  Queen  
  20  2:08  Drone  
  25  2:10  Drone  
  26  2:22  Hatchery  
  25  2:29  Drone x2  
  27  2:36  Drone  
  29  2:37  Drone  
  29  2:49  Drone  
  30  2:55  Drone  
  31  2:59  Roach Warren  
  31  3:01  Drone, Extractor  
  31  3:02  Drone x2  
  31  3:04  Drone  
  33  3:09  Queen  
  35  3:18  Zergling x2  
  36  3:28  Overlord x2  
  36  3:35  Overlord, Extractor  
  36  3:36  Overlord  
  36  3:37  Overlord  
  36  3:40  Drone  
  36  3:55  Roach x4  
  44  3:56  Roach  
  46  4:04  Drone x2  
  46  4:05  Drone  
  46  4:07  Drone x2  
  51  4:15  Lair  
  51  4:17  Drone  
  51  4:19  Drone  
  51  4:22  Drone  
  54  4:32  Drone  
  54  4:33  Drone x3  
  58  4:38  Evolution Chamber  
  58  4:43  Drone  
  58  4:44  Evolution Chamber  
  57  4:46  Roach x2  
  57  4:47  Overlord  
  61  4:53  Drone x3  
  61  4:58  Drone  
  65  5:00  Extractor  
  65  5:01  Drone  
  65  5:02  Drone x2  
  67  5:09  Drone x2  
  67  5:13  Extractor x2  
  67  5:21  Zerg Missile Weapons Level 1  
  67  5:22  Zerg Ground Armor Level 1  
  67  5:24  Drone x2  
  67  5:26  Roach  
  67  5:27  Overlord, Roach  
  75  5:28  Roach  
  75  5:32  Glial Reconstitution  
  75  5:37  Hydralisk Den  
  75  5:40  Drone x2, Infestation Pit  
  76  5:42  Drone  
  76  5:43  Drone  
  76  5:44  Drone  
  76  5:47  Drone x2  
  80  5:50  Overlord  
  80  5:53  Pneumatized Carapace  
  80  5:59  Overseer  
  80  6:05  Queen  
  80  6:08  Drone x2  
  84  6:12  Drone  
  84  6:14  Overlord x2  
  84  6:17  Drone x2  
  84  6:18  Drone  
  88  6:23  Drone x3  
  88  6:25  Hydralisk, Roach x3  
  99  6:37  Hydralisk x3  
  99  6:38  Hydralisk  
  99  6:39  Roach x2  
  111  6:51  Hydralisk x2  
  111  6:52  Roach x3  
  121  7:04  Overlord x2  
  121  7:05  Overlord x2  
  121  7:06  Overlord  
  121  7:22  Overlord x2  
  121  7:24  Hydralisk x2  
  121  7:25  Hydralisk x3  
  121  7:26  Roach x3  
  137  7:32  Zerg Missile Weapons Level 2  
  137  7:33  Zerg Ground Armor Level 2  
  137  7:39  Hive  
  137  7:49  Ravager x3  
  137  7:50  Ravager x3  
  140  8:05  Hydralisk x2  
  140  8:06  Roach x3, Hydralisk x3  
  140  8:07  Roach x3  
  140  8:08  Overlord  
  140  8:10  Overlord  
  162  8:29  Spine Crawler  
  162  8:30  Drone  
  162  8:46  Tunneling Claws  
  162  8:48  Muscular Augments  
  162  9:00  Hatchery  
  161  9:22  Hydralisk  
  161  9:23  Roach x2, Hydralisk x5  
  161  9:24  Hydralisk x2, Roach x5  
  181  9:25  Zergling x10, Roach  
  181  9:26  Zergling x4  
  155  9:59  Hydralisk  
  146  10:00  Roach x2, Hydralisk x6  
  146  10:01  Hydralisk, Roach x6  
  178  10:07  Overseer  
  178  10:14  Drone  
  178  10:15  Drone x2  
  178  10:20  Queen  
  183  10:39  Hydralisk x2  
  183  10:40  Roach x2  
  183  10:42  Hatchery  
  182  11:18  Hydralisk x2  
  182  11:19  Roach x2, Hydralisk  
  182  11:23  Queen  
  192  11:36  Queen  
  192  11:37  Queen  
  190  11:43  Burrow  
  176  11:54  Drone  
  176  11:55  Queen  
  176  11:58  Overlord x3  
  179  12:17  Drone x3  
  179  12:22  Hydralisk x3  
  182  12:23  Roach x3  
  182  12:24  Roach, Hydralisk x2  
  182  12:25  Roach  
  200  12:55  Overseer  
  200  12:56  Overseer  
  200  13:26  Extractor  
  199  13:28  Extractor  
Show
View Real Time Build Order
Export as new Build Order

A.I. 1 (Elite) Protoss 

Build Orders: Zealot Archon 

Get SALT Encoding   

  12  0:01  Probe (Chrono Boost)  
  13  0:11  Probe (Chrono Boost)  
  14  0:20  Pylon  
  14  0:22  Probe (Chrono Boost)  
  15  0:38  Probe (Chrono Boost)  
  16  0:47  Assimilator  
  16  0:49  Probe (Chrono Boost)  
  17  0:51  Gateway  
  17  0:59  Probe (Chrono Boost), Pylon  
  18  1:10  Probe (Chrono Boost)  
  19  1:20  Probe (Chrono Boost)  
  20  1:31  Probe (Chrono Boost)  
  21  1:36  Gateway  
  21  1:37  Zealot  
  23  1:42  Cybernetics Core  
  23  1:43  Probe (Chrono Boost)  
  24  1:47  Pylon  
  25  1:54  Probe (Chrono Boost)  
  25  2:02  Zealot  
  25  2:05  Probe (Chrono Boost)  
  28  2:11  Assimilator  
  28  2:13  Warp Gate  
  28  2:17  Probe (Chrono Boost)  
  29  2:22  Adept  
  29  2:28  Adept  
  29  2:29  Probe (Chrono Boost)  
  34  2:36  Pylon  
  34  2:41  Probe (Chrono Boost)  
  35  2:49  Adept  
  37  2:53  Probe (Chrono Boost)  
  37  2:54  Sentry  
  40  3:05  Probe (Chrono Boost)  
  41  3:16  Probe (Chrono Boost), Nexus  
  42  3:26  Gateway  
  42  3:29  Probe (Chrono Boost)  
  42  3:32  Adept  
  45  3:41  Probe (Chrono Boost)  
  46  3:52  Probe (Chrono Boost)  
  47  3:56  Pylon  
  47  4:15  Probe (Chrono Boost), Adept x2  
  52  4:27  Probe (Chrono Boost)  
  52  4:28  Adept  
  52  4:29  Probe (Chrono Boost)  
  55  4:35  Pylon  
  55  4:36  Stalker  
  58  4:38  Probe (Chrono Boost)  
  58  4:40  Probe (Chrono Boost)  
  58  4:42  Stalker  
  61  4:48  Stalker  
  61  4:49  Probe (Chrono Boost)  
  61  4:51  Probe (Chrono Boost)  
  65  4:59  Twilight Council  
  65  5:01  Probe (Chrono Boost)  
  65  5:03  Probe (Chrono Boost)  
  67  5:11  Probe (Chrono Boost)  
  67  5:13  Probe (Chrono Boost)  
  69  5:15  Pylon  
  69  5:16  Stalker  
  71  5:22  Probe (Chrono Boost)  
  71  5:25  Probe (Chrono Boost)  
  73  5:33  Zealot  
  73  5:34  Probe (Chrono Boost), Pylon, Stalker  
  79  5:36  Probe (Chrono Boost)  
  79  5:38  Templar Archives  
  79  5:44  Stalker  
  79  5:45  Probe (Chrono Boost)  
  82  5:51  Assimilator  
  82  5:53  Stalker  
  82  5:56  Pylon  
  84  6:02  Assimilator, Stalker  
  86  6:12  Zealot  
  86  6:14  Probe (Chrono Boost), Zealot  
  91  6:22  Nexus, Pylon  
  91  6:23  High Templar  
  95  6:26  Probe (Chrono Boost)  
  95  6:27  Probe (Chrono Boost)  
  95  6:31  High Templar  
  97  6:33  Robotics Facility, Sentry  
  97  6:36  Probe (Chrono Boost)  
  100  6:40  Forge  
  100  6:43  Pylon  
  100  6:56  Forge  
  100  6:59  Archon, Gateway, High Templar  
  102  7:05  Protoss Ground Weapons Level 1  
  102  7:06  High Templar  
  104  7:18  Pylon  
  104  7:22  Archon, High Templar  
  104  7:25  Protoss Ground Armor Level 1  
  106  7:31  Photon Cannon  
  106  7:32  Warp Prism  
  106  7:36  Probe x3 (Chrono Boost)  
  111  7:45  Assimilator  
  111  7:46  High Templar  
  111  7:47  Probe x2 (Chrono Boost), Photon Cannon  
  111  7:48  Probe (Chrono Boost)  
  111  7:49  Pylon  
  111  7:51  Assimilator  
  118  7:59  Probe x3 (Chrono Boost), Pylon  
  118  8:00  Archon  
  118  8:02  High Templar  
  121  8:08  Observer  
  121  8:09  Gateway  
  121  8:10  Probe (Chrono Boost)  
  121  8:11  Probe x2 (Chrono Boost), Photon Cannon  
  125  8:17  Pylon  
  125  8:20  High Templar  
  125  8:21  Photon Cannon  
  125  8:22  Probe (Chrono Boost)  
  125  8:23  Probe x2 (Chrono Boost)  
  130  8:30  High Templar  
  130  8:33  Probe (Chrono Boost)  
  134  8:34  Probe (Chrono Boost), Photon Cannon  
  134  8:36  Psionic Storm  
  134  8:44  Photon Cannon  
  134  8:45  Photon Cannon  
  134  8:46  Archon  
  134  8:52  High Templar  
  136  8:55  Warp Prism  
  136  9:01  High Templar  
  140  9:03  Gateway  
  140  9:05  Zealot  
  140  9:06  Zealot x2  
  146  9:12  Nexus, Pylon  
  146  9:15  Archon  
  146  9:16  Archon  
  146  9:22  Zealot  
  141  9:25  High Templar, Zealot  
  141  9:26  Zealot  
  141  9:30  Immortal  
  134  9:31  Probe (Chrono Boost)  
  134  9:32  Stalker  
  134  9:33  Probe (Chrono Boost)  
  134  9:34  Probe (Chrono Boost)  
  136  9:41  Stalker  
  136  9:43  Probe (Chrono Boost), Assimilator  
  136  9:44  Probe (Chrono Boost), Stalker  
  143  9:45  Probe (Chrono Boost)  
  143  9:48  Stalker  
  141  9:55  Zealot x2  
  141  9:57  High Templar  
  123  10:04  Adept  
  123  10:05  Stalker  
  115  10:08  Probe (Chrono Boost)  
  115  10:09  Probe (Chrono Boost), Adept  
  115  10:10  Probe (Chrono Boost)  
  120  10:14  Zealot  
  120  10:15  Zealot  
  123  10:22  Zealot  
  123  10:26  Probe (Chrono Boost), Zealot  
  123  10:28  Probe (Chrono Boost), Sentry, Zealot  
  131  10:34  Sentry, Zealot  
  137  10:40  Probe (Chrono Boost)  
  137  10:41  Stalker  
  139  10:45  Stalker  
  139  10:46  Zealot  
  139  10:49  Zealot  
  138  10:53  Zealot  
  138  10:56  Stalker  
  127  11:02  High Templar  
  107  11:06  Adept  
  107  11:07  Sentry  
  97  11:12  Adept  
  97  11:14  Probe (Chrono Boost)  
  97  11:17  Probe (Chrono Boost)  
  94  11:18  Probe (Chrono Boost)  
  94  11:21  Adept  
  92  11:26  Probe (Chrono Boost)  
  92  11:29  Adept x2, Sentry  
  84  11:34  Adept  
  84  11:37  Nexus  
  80  11:44  Templar Archives  
  39  11:54  Zealot  
  38  12:11  Zealot  
  25  12:29  High Templar  
  22  12:32  Probe (Chrono Boost)  
  22  12:33  Probe (Chrono Boost)  
  22  12:43  Probe (Chrono Boost)  
  21  12:55  Nexus  
  20  13:03  Gateway  
Tags
 
Add a new tag
Caveats
  • Supply blocks, unpowered buildings, or Contaminate may cause inaccurate times.
  • Supply counts are checked every 10 seconds.